 Dungeon Crawl Stone Soup version 0.19.5 (console) character file.

3694 Grinner the Spear-Bearer (level 9, -6/111 HPs)
             Began as a Minotaur Transmuter on Mar 16, 2017.
             Was a Follower of Ashenzari.
             Killed from afar by Erolcha (21 damage)
             ... with an orb of energy
             ... on level 9 of the Dungeon.
             The game lasted 00:21:17 (5962 turns).

Grinner the Spear-Bearer (Minotaur Transmuter)      Turns: 5962, Time: 00:21:18

Health: -6/111     AC: 24    Str: 15    XL:     9   Next: 90%
Magic:  4/10       EV:  2    Int: 10    God:    Ashenzari [*.....]
Gold:   578        SH:  0    Dex: 14    Spells: 2 memorised, 6 levels left

rFire  . . .     SeeInvis .     a - +4 scythe (vamp) (curse)
rCold  . . .     Gourm    .     (armour currently unavailable)
rNeg   + + +     Faith    .     (shield currently unavailable)
rPois  +         Spirit   .     (helmet currently unavailable)
rElec  .         Reflect  .     (cloak currently unavailable)
rCorr  .         Harm     .     (gloves currently unavailable)
MR     +....     NoTele   +     (boots currently unavailable)
Stlth  +.........               m - amulet of regeneration
                                (no ring)
                                v - ring of protection from magic

@: tree-form
A: (retaliatory headbutt), (horns 0), (talons 0)
a: Curse Item, Scrying, Renounce Religion


You were on level 9 of the Dungeon.
You worshipped Ashenzari.
Ashenzari was aware of your devotion.
You were very hungry.
You were a tree.
You visited 2 branches of the dungeon, and saw 10 of its levels.

You collected 578 gold pieces.

Inventory:

Hand Weapons
 a - a cursed +4 vampiric scythe (weapon)
Missiles
 p - 223 arrows
Armour
 j - a cursed +2 pair of gloves (melded)
 J - a cursed +2 cloak of invisibility (melded)
 K - +0 steam dragon scales (melded)
Jewellery
 m - an amulet of regeneration (around neck)
 v - a ring of protection from magic (left branch)
Wands
 k - a wand of flame (26/48)
 o - a wand of polymorph (12/24)
 w - a wand of disintegration (8/24)
 z - a wand of flame (26/48)
 A - a wand of flame (39/48)
 I - a wand of lightning (5/15)
Scrolls
 b - a scroll of immolation
 e - 3 scrolls of amnesia
 g - 5 scrolls of magic mapping
 i - 3 scrolls of identify
 l - 2 scrolls of enchant armour
 n - a scroll of fog
 t - 2 scrolls of fear
 y - a scroll of recharging
Potions
 f - 3 potions of lignification
 q - 2 potions of cancellation
 r - 2 potions of curing
 u - a potion of flight
 E - a potion of agility
Books
 c - a book of Changes

   Spells                             Type                      Level
   a - Beastly Appendage              Transmutation                1
   b - Sticks to Snakes               Transmutation                2
   c - Spider Form                    Transmutation/Poison         3
   d - Ice Form                       Ice/Transmutation            4
   e - Blade Hands                    Transmutation                5
 H - a book of Battle

   Spells                             Type                      Level
   a - Infusion                       Charms                       1
   b - Shroud of Golubria             Charms/Translocation         2
   c - Song of Slaying                Charms                       2
   d - Spectral Weapon                Hexes/Charms                 3
   e - Regeneration                   Charms/Necromancy            3
Comestibles
 d - 9 bread rations
 h - 10 fruits
 B - 8 beef jerkies
 D - a meat ration
 F - a slice of pizza


   Skills:
 - Level 5.5 Fighting
 * Level 12.8(12.9) Polearms
   Level 2.7(8.9) Staves
 + Level 4.1 Dodging
 - Level 3.2 Unarmed Combat
 - Level 1.3 Spellcasting
 - Level 4.7 Transmutations
 + Level 2.6 Evocations


You had 6 spell levels left.
You knew the following spells:

 Your Spells              Type           Power        Failure   Level  Hunger
s - Spider Form           Tmut/Pois      #.........   38%         3    ####...
z - Beastly Appendage     Tmut           ##....       6%          1    ##.....


Dungeon Overview and Level Annotations

Branches:
Dungeon (9/15)             Temple (1/1) D:7
   Lair: D:8-11         Orc: D:9-12

Altars:
Ashenzari
Cheibriados
Dithmenos
Elyvilon
Fedhas
Gozag
Kikubaaqudgha
Makhleb
Nemelex Xobeh
Okawaru
Qazlal
Ru
Sif Muna
Trog
Uskayaw
Vehumet
Xom
Yredelemnul
Zin
The Shining One

Annotations:
D:9 Erolcha


Innate Abilities, Weirdness & Mutations

((You reflexively headbutt those who attack you in melee.))
((You have a pair of horns on your head.))
((You have sharp toenails.))


Message History

Erolcha hits you but does no damage.
You slice Erolcha!!
Erolcha is severely wounded.
Erolcha points at you and mumbles some strange words.
The orb of energy hits you!
* * * LOW HITPOINT WARNING * * *
The orb of energy explodes!
Erolcha hits you with a giant club.
* * * LOW HITPOINT WARNING * * *
You slash Erolcha!
Erolcha is almost dead.
Erolcha mumbles some strange words.
Erolcha blinks!
Erolcha gestures wildly while chanting.
Erolcha blinks!
Evoke which item? (* to show all) (? for menu, Esc to quit)
Okay, then.
You feel better.
Erolcha is no longer moving quickly.
Erolcha casts a spell at you. The orb of energy hits you!
You die...

#.##.# #.#
#.##.# #.#
#.##.# #.#
##.##.# #.#
...##.# #.#
#####.#
#.## #..#
#########.#
.....O§♣..#
#...#...#/#
....$...§.#
#...#...###
.........
#########


You could see Erolcha.

Vanquished Creatures
  Maurice (D:8)
  Grinder (D:4)
  A hippogriff (D:9)
  Sigmund (D:4)
  A wyvern (D:8)
  Eustachio (D:6)
  A steam dragon (D:9)
  An ice beast (D:5)
  A phantom (D:7)
  3 sky beasts
  A black bear (D:9)
  2 ogres (D:8)
  3 centaurs
  A big kobold (D:9)
  2 bullfrogs
  3 scorpions
  3 killer bees (D:9)
  4 howler monkeys
  4 crimson imps
  3 jellies
  A bullfrog skeleton (D:9)
  An iguana (D:5)
  2 orc wizards (D:5)
  A centaur skeleton (D:7)
  Natasha (thrice) (D:4 D:6)
  7 worker ants
  A hound zombie (D:5)
  A worker ant zombie (D:9)
  Robin (D:3)
  10 adders
  A shadow imp (D:7)
  2 oozes
  An adder zombie (D:5)
  A dart slug (D:1)
  5 leopard geckos
  22 orcs
  8 bats
  3 giant cockroaches
  16 goblins
  9 hobgoblins
  9 jackals
  4 quokkas
  2 ball pythons
  7 frilled lizards
  A giant cockroach zombie (D:6)
  A jackal skeleton (D:8)
  A jackal zombie (D:6)
  4 kobolds
  A quokka zombie (D:8)
  6 rats
170 creatures vanquished.

Notes
Turn   | Place    | Note
-------+----------+-------------------------------------------
     0 | D:1      | Grinner the Minotaur Transmuter began the quest for the Orb.
     0 | D:1      | Reached XP level 1. HP: 16/16 MP: 1/1
   215 | D:1      | Reached XP level 2. HP: 24/24 MP: 3/3
  1009 | D:2      | Found a bloodstained altar of Trog.
  1037 | D:2      | Reached XP level 3. HP: 28/30 MP: 4/4
  1074 | D:2      | Found a snail-covered altar of Cheibriados.
  1102 | D:2      | Learned a level 3 spell: Spider Form
  1265 | D:2      | Found a faded altar of an unknown god.
  1356 | D:3      | Noticed Robin
  1378 | D:3      | Killed Robin
  1378 | D:3      | Reached XP level 4. HP: 30/38 MP: 5/5
  2099 | D:4      | Noticed Grinder
  2099 | D:4      | Paralysed by Grinder for 6 turns
  2139 | D:4      | Killed Grinder
  2139 | D:4      | Reached skill level 5 in Fighting
  2139 | D:4      | Reached XP level 5. HP: 18/48 MP: 6/6
  2139 | D:4      | Reached XP level 6. HP: 21/56 MP: 7/7
  2283 | D:4      | Found an iron altar of Okawaru.
  2346 | D:4      | Noticed Natasha
  2358 | D:4      | Killed Natasha
  2377 | D:4      | Reached skill level 1 in Staves
  2387 | D:4      | Noticed Sigmund
  2408 | D:4      | Killed Sigmund
  2408 | D:4      | Reached XP level 7. HP: 37/61 MP: 8/8
  2485 | D:4      | Found a glowing golden altar of the Shining One.
  2675 | D:5      | Entered Level 5 of the Dungeon
  2677 | D:5      | Reached skill level 1 in Polearms
  2692 | D:5      | Reached skill level 2 in Polearms
  2789 | D:5      | Reached skill level 3 in Polearms
  2910 | D:5      | Reached skill level 4 in Polearms
  2955 | D:5      | Reached skill level 5 in Polearms
  3042 | D:5      | Reached skill level 6 in Polearms
  3042 | D:5      | Reached XP level 8. HP: 69/69 MP: 9/9
  3088 | D:5      | Gained mutation: You have sharp toenails. [mutagenic meat]
  3089 | D:5      | Gained mutation: Your spells are a little easier to cast, but a little less powerful. [mutagenic meat]
  3090 | D:5      | Gained mutation: You expend magic power (3 MP) to strengthen your wands. [mutagenic meat]
  3091 | D:5      | Gained mutation: You possess an exceptional clarity of mind. [mutagenic meat]
  3092 | D:5      | Gained mutation: You are dopey. (Int -2) [mutagenic meat]
  3281 | D:6      | Reached skill level 7 in Polearms
  3289 | D:6      | Noticed Natasha
  3293 | D:6      | Killed Natasha
  3397 | D:6      | Noticed Eustachio
  3410 | D:6      | Killed Eustachio
  3410 | D:6      | Reached skill level 8 in Polearms
  3505 | D:6      | Found a stormy altar of Qazlal.
  3610 | D:6      | Noticed Natasha
  3616 | D:6      | Killed Natasha
  4082 | D:7      | Reached skill level 9 in Polearms
  4252 | D:7      | Found a deep blue altar of Sif Muna.
  4301 | D:7      | Reached skill level 10 in Polearms
  4457 | D:7      | Found a staircase to the Ecumenical Temple.
  4530 | Temple   | Entered the Ecumenical Temple
  4633 | Temple   | Became a worshipper of Ashenzari the Shackled
  4792 | D:8      | Reached XP level 9. HP: 64/74 MP: 10/10
  4881 | D:8      | Found a shadowy altar of Dithmenos.
  4952 | D:8      | Reached skill level 11 in Polearms
  5039 | D:8      | Noticed Maurice
  5061 | D:8      | Killed Maurice
  5098 | D:8      | Reached skill level 12 in Polearms
  5121 | D:8      | Reached skill level 1 in Evocations
  5293 | D:8      | Found a sacrificial altar of Ru.
  5579 | D:9      | Found a sacrificial altar of Ru.
  5591 | D:9      | Reached * piety under Ashenzari
  5930 | D:9      | Noticed Erolcha
  5955 | D:9      | Gained mutation: You have razor-sharp toenails. [potion of mutation]
  5955 | D:9      | Lost mutation: You are dopey. (Int -2) [potion of mutation]
  5956 | D:9      | Lost mutation: You possess an exceptional clarity of mind. [potion of cure mutation]
  5956 | D:9      | Lost mutation: You have razor-sharp toenails. [potion of cure mutation]
  5956 | D:9      | Lost mutation: Your spells are a little easier to cast, but a little less powerful. [potion of cure mutation]
  5956 | D:9      | Lost mutation: You expend magic power (3 MP) to strengthen your wands. [potion of cure mutation]
  5962 | D:9      | Killed from afar by Erolcha

Skill      XL: |  1  2  3  4  5  6  7  8  9 |
---------------+----------------------------+-----
Fighting       | 2 3 5 |  5.5
Transmutations | 2 4 |  4.7
Staves         | 2 |  2.7
Polearms       | 6 10 12 | 12.8
Evocations     | 2 |  2.6
Dodging        | 4 |  4.1
Unarmed Combat | |  3.2
Spellcasting   | |  1.3

Action                   |  1- 3 |  4- 6 |  7- 9 || total
-------------------------+-------+-------+-------++-------
Melee: Unarmed           |    81 |    68 |       ||   149
       Headbutt          |    10 |    21 |    36 ||    67
       Punch             |     1 |     1 |       ||     2
       Kick              |     1 |     5 |    38 ||    44
       Quarterstaff      |       |    62 |     6 ||    68
       Scythe            |       |       |   282 ||   282
 Cast: Beastly Appendage |     1 |     1 |       ||     2
Invok: Curse Item        |       |       |     3 ||     3
Evoke: Wand              |       |       |     3 ||     3
  Use: Potion            |       |     7 |     6 ||    13
       Scroll            |       |       |    12 ||    12
 Stab: Sleeping          |     1 |     1 |     1 ||     3
  Eat: Chunk             |     1 |     4 |    16 ||    21
       Bread ration      |       |       |     1 ||     1
Armor: Robe              |    26 |    38 |    36 ||   100
       Skin              |       |    13 |     3 ||    16
       Scale mail        |       |       |    91 ||    91
       Steam dragon scal |       |       |    14 ||    14
Dodge: Dodged            |    57 |    73 |   225 ||   355
